 Dungeon Crawl Stone Soup version 0.28.0-49-g6dfe1f597d (webtiles) character file.

Game seed: 1386493184639647924

9331 Atelerd the Thaumaturge (level 11, 0/67 HPs)
             Began as an Octopode Earth Elementalist on May 15, 2022.
             Was a Believer of Sif Muna.
             Slain by a catoblepas (2 damage)
             ... while petrified by a catoblepas
             ... on level 2 of the Lair of Beasts.
             The game lasted 00:19:36 (14320 turns).

Atelerd the Thaumaturge (OpEE)                     Turns: 14320, Time: 00:19:36

Health: 0/67       AC:  1    Str:  8    XL:     11   Next: 44%
Magic:  22/25      EV:  2    Int: 22    God:    Sif Muna [**....]
Gold:   474        SH:  0    Dex: 12    Spells: 17/30 levels left

rFire   . . .      SeeInvis .   D - +2 short sword (vamp)
rCold   . . .      Faith    .   (no shield)
rNeg    + + +      Spirit   .   (helmet restricted)
rPois   ∞          Reflect  .   (no amulet)
rElec   .          Harm     .   A - ring of poison resistance
rCorr   .          Rampage  .   (no ring)
Will    .....                   (no ring)
Stlth   +++++.....              (no ring)
HPRegen 0.21/turn               (no ring)
MPRegen 0.19/turn               (no ring)
                                (no ring)
                                (no ring)

@: petrified
A: almost no armour, amphibious, 8 rings, camouflage 1, gelatinous body 1,
(nimble swimmer 1), tentacles
a: Renounce Religion, Channel Magic


You were on level 2 of the Lair of Beasts.
You worshipped Sif Muna.
Sif Muna was pleased with you.
You visited 3 branches of the dungeon, and saw 13 of its levels.

You collected 474 gold pieces.

Inventory:

Hand Weapons
 a - a +3 spear
 i - a +0 dagger
 y - a +3 short sword
 D - a +2 vampiric short sword (weapon)
Missiles
 b - 185 stones
Jewellery
 A - a ring of poison resistance (left tentacle)
Wands
 s - a wand of polymorph (14)
 u - a wand of paralysis (6)
 w - a wand of iceblast (8)
 B - a wand of charming (5)
Scrolls
 c - 2 scrolls of noise
 d - a scroll of torment {unknown}
 f - 2 scrolls of holy word
 g - 2 scrolls of fog {unknown}
 l - a scroll of enchant weapon
 p - 2 scrolls of amnesia
 q - a scroll of enchant armour
 t - 3 scrolls of teleportation {unknown}
 v - a scroll of magic mapping {unknown}
 E - a scroll of vulnerability {unknown}
Potions
 e - a potion of heal wounds {unknown}
 h - a potion of berserk rage
 j - a potion of flight
 k - a potion of experience {unknown}
 n - 3 potions of curing
 r - a potion of might {unknown}
 x - a potion of ambrosia {unknown}
 z - a potion of mutation {unknown}
 C - a potion of haste {unknown}


   Skills:
 - Level 3.0 Fighting
 - Level 3.0 Short Blades
 - Level 4.0 Dodging
 + Level 8.1 Stealth
 + Level 10.3 Spellcasting
 - Level 2.0 Conjurations
 - Level 5.0 Transmutations
 - Level 5.0 Air Magic
 - Level 8.0 Earth Magic
 + Level 4.3 Invocations


You had 17 spell levels left.
You knew the following spells:

 Your Spells              Type           Power      Damage    Failure   Level
a - Sandblast             Erth           92%        2d19      1%          1
b - Lightning Bolt        Conj/Air       13%        1d26      36%         5
p - Petrify               Tmut/Erth      39%        N/A       4%          4
r - Stone Arrow           Conj/Erth      66%        3d11      2%          3

Your spell library contained the following spells:

 Spells                   Type           Power      Damage    Failure   Level
 Passwall                 Tmut/Erth      32%        N/A       1%          2
 Static Discharge         Conj/Air       26%        N/A       1%          2
 Maxwell's Capacitive Co  Air            16%        ∞         100%        8


Dungeon Overview and Level Annotations

Branches:
Dungeon (10/15)            Temple (1/1) D:7            Lair (2/6) D:9
    Orc (0/2) D:9
  Swamp: Lair:2-4    Shoals: Lair:2-4     Snake: Lair:2-4    Spider: Lair:2-4

Altars:
Ashenzari
Elyvilon
Fedhas
Gozag
Hepliaklqana
Kikubaaqudgha
Makhleb
Nemelex Xobeh
Okawaru
Qazlal
Ru
Sif Muna
Trog
Uskayaw
Vehumet
Wu Jian
Xom
Yredelemnul
Zin
The Shining One

Shops:
D:9 *

Annotations:
D:2 exclusion: downstairs
D:6 exclusions: downstairs and upstairs
D:8 exclusion: downstairs
D:9 exclusion: 3 downstairs


Innate Abilities, Weirdness & Mutations

You cannot wear most types of armour.
You are amphibious.
You can wear up to eight rings at the same time.
Your skin changes colour to match your surroundings (Stealth+).
Your rubbery body absorbs attacks. (AC +1, EV +1)
((You are camouflaged when in or above water. (Stealth+)))
You have tentacles for arms and can constrict up to eight enemies at once.


Message History

Found 17 gold pieces.
The catoblepas misses you.
The catoblepas breathes a plume of calcifying dust at you.
The blast of calcifying dust hits you!
The six-headed hydra is engulfed in calcifying dust.
The six-headed hydra is moving more slowly.
The catoblepas breathes a plume of calcifying dust at you.
The blast of calcifying dust hits you.
The six-headed hydra is engulfed in calcifying dust.
The six-headed hydra stops moving altogether!
The catoblepas breathes a plume of calcifying dust at you.
The blast of calcifying dust hits you.
The catoblepas breathes a plume of calcifying dust at you.
The blast of calcifying dust hits you.
The catoblepas breathes a plume of calcifying dust at you.
The blast of calcifying dust hits you.
The catoblepas breathes a plume of calcifying dust at you.
The blast of calcifying dust hits you!
* * * LOW HITPOINT WARNING * * *
You are engulfed in calcifying dust.
You are slowing down.
Okay, then.
Okay, then.
It was a potion of curing.
You feel better.
You are engulfed in calcifying dust.
Your limbs have turned to stone.
You have turned to stone.
You are engulfed in calcifying dust. x3
The catoblepas breathes a plume of calcifying dust at you.
The blast of calcifying dust hits you! The catoblepas gores you.
The catoblepas gores you!
* * * LOW HITPOINT WARNING * * *
The catoblepas gores you!!
* * * LOW HITPOINT WARNING * * *
The bush is no longer petrified.
The catoblepas breathes a plume of calcifying dust at you.
The blast of calcifying dust hits you!
* * * LOW HITPOINT WARNING * * *
You are engulfed in calcifying dust.
The catoblepas gores you.
You die...

..............................
..............................
..................##P.........
.............####.##..........
...........#.# ###...........
.....D......## ##.....<.......
............####......##......
........Y....##......## .....
P.......§§§.#.#Y@§.§## ....
##..........P..D...## ...
...............##### ..
#..............# .
##.............§..#
#.#..........§.....
###.......#...§....
#........#...(....
#..#.#............


You could see a catoblepas and a six-headed hydra.

Vanquished Creatures
  2 hydras (Lair:1)
  2 two-headed ogres (D:9)
  A cane toad (Lair:1)
  A hornet (D:7)
  Sigmund (D:4)
  7 yaks (Lair:1)
  Eustachio (D:5)
  2 wyverns
  2 basilisks (Lair:1)
  A steam dragon (D:8)
  6 water moccasins
  4 orc warriors
  4 black bears
  3 necrophages
  2 ogres (D:5)
  2 centaurs
  3 wolves (Lair:1)
  2 phantoms (D:4)
  A kobold brigand (D:9)
  4 bullfrogs
  A wyvern zombie (D:7)
  A scorpion (D:6)
  A gnoll sergeant (D:9)
  A water moccasin zombie (D:3)
  A wyvern skeleton (D:7)
  6 killer bees (D:8)
  7 wights
  2 electric eels (Lair:1)
  2 jellies
  3 orc priests
  2 hounds (D:4)
  A bullfrog skeleton (D:3)
  A centaur skeleton (D:7)
  3 iguanas (D:5)
  5 orc wizards
  A killer bee zombie (D:6)
  A howler monkey zombie (D:9)
  8 gnolls
  A howler monkey skeleton (D:5)
  8 adders
  An ufetubus (D:5)
  An adder skeleton (D:4)
  2 worms (D:2)
  2 dart slugs
  41 orcs
  A ball python (D:1)
  4 endoplasms
  6 giant cockroaches
  4 goblins
  3 hobgoblins
  4 jackals (D:4)
  8 kobolds
  4 quokkas
  7 bats
  A frilled lizard (D:2)
  3 rats
199 creatures vanquished.

Vanquished Creatures (collateral kills)
  2 yaks (Lair:1)
2 creatures vanquished.

Vanquished Creatures (others)
  2 yaks (Lair:1)
  4 fungi (Lair:1)
  24 plants
30 creatures vanquished.

Grand Total: 231 creatures vanquished

Notes
Turn   | Place    | Note
-------+----------+-------------------------------------------
     0 | D:1      | Atelerd the Octopode Earth Elementalist began the quest for
                  | the Orb.
     0 | D:1      | Reached XP level 1. HP: 11/11 MP: 3/3
    75 | D:1      | Found a faded altar of an unknown god.
   254 | D:1      | Reached XP level 2. HP: 17/17 MP: 1/5
   817 | D:2      | Reached XP level 3. HP: 15/21 MP: 6/6
   970 | D:2      | Reached XP level 4. HP: 27/27 MP: 7/7
  2064 | D:3      | Reached skill level 3 in Spellcasting
  2064 | D:3      | Reached XP level 5. HP: 20/31 MP: 5/9
  2673 | D:3      | Found a white marble altar of Elyvilon.
  2680 | D:3      | Found an opulent altar of Gozag.
  2684 | D:3      | Reached XP level 6. HP: 31/36 MP: 7/10
  3277 | D:4      | Reached skill level 5 in Stealth
  3808 | D:4      | Found a sacrificial altar of Ru.
  3932 | D:4      | Reached XP level 7. HP: 41/41 MP: 6/12
  4015 | D:4      | Found an ornate altar of the Wu Jian Council.
  4016 | D:4      | Found a bloodstained altar of Trog.
  4018 | D:4      | Found an iron altar of Okawaru.
  4029 | D:4      | Learned a level 4 spell: Petrify
  4033 | D:4      | Learned a level 3 spell: Stone Arrow
  4087 | D:4      | Reached skill level 4 in Spellcasting
  4087 | D:4      | Reached skill level 5 in Earth Magic
  4473 | D:4      | Noticed Sigmund
  4485 | D:4      | Killed Sigmund
  4486 | D:4      | Reached skill level 1 in Short Blades
  4591 | D:5      | Entered Level 5 of the Dungeon
  4591 | D:5      | You fall into a shaft and drop 3 floors!
  5046 | D:5      | Noticed Eustachio
  5056 | D:5      | Reached XP level 8. HP: 30/46 MP: 9/15
  5240 | D:5      | Reached skill level 5 in Spellcasting
  5305 | D:5      | Killed Eustachio
  5767 | D:5      | Found a radiant altar of Vehumet.
  5984 | D:6      | Found a basalt altar of Yredelemnul.
  6194 | D:6      | Reached skill level 6 in Spellcasting
  6578 | D:7      | Noticed a hornet
  6592 | D:7      | Killed a hornet
  6593 | D:7      | Reached XP level 9. HP: 51/51 MP: 15/18
  6953 | D:7      | Reached skill level 1 in Conjurations
  7524 | D:7      | Found a staircase to the Ecumenical Temple.
  7789 | D:7      | Reached skill level 7 in Spellcasting
  7812 | Temple   | Entered the Ecumenical Temple
  7878 | Temple   | Became a worshipper of Sif Muna the Loreminder
  8097 | D:8      | Reached skill level 5 in Transmutations
  8770 | D:8      | Reached skill level 8 in Spellcasting
  8879 | D:8      | Reached XP level 10. HP: 50/56 MP: 2/22
  9994 | D:9      | Noticed a two-headed ogre
 10178 | D:9      | Reached skill level 9 in Spellcasting
 10281 | D:9      | Found a staircase to the Lair.
 10607 | D:9      | Reached * piety under Sif Muna
 11314 | D:9      | Found Efuper's Elemental Accessories.
 11328 | D:9      | Learned a level 5 spell: Lightning Bolt
 11354 | D:9      | Found a sparkling altar of Nemelex Xobeh.
 11527 | D:9      | Found a staircase to the Orcish Mines.
 11537 | D:9      | Noticed a two-headed ogre
 11542 | D:9      | Killed a two-headed ogre
 11543 | D:9      | Reached skill level 1 in Fighting
 11543 | D:9      | Reached skill level 1 in Air Magic
 11543 | D:9      | Reached skill level 1 in Invocations
 11558 | D:9      | Killed a two-headed ogre
 11647 | D:10     | Entered Level 10 of the Dungeon
 12188 | D:10     | Noticed a two-headed ogre
 12366 | Lair:1   | Entered Level 1 of the Lair of Beasts
 12493 | Lair:1   | Noticed a six-headed hydra
 12496 | Lair:1   | Noticed a cane toad
 12795 | Lair:1   | Reached skill level 10 in Spellcasting
 12795 | Lair:1   | Reached XP level 11. HP: 65/65 MP: 18/25
 13023 | Lair:1   | Reached ** piety under Sif Muna
 13488 | Lair:1   | Noticed a five-headed hydra
 13508 | Lair:1   | Killed a five-headed hydra
 13785 | Lair:1   | Killed a six-headed hydra
 13786 | Lair:1   | Reached skill level 5 in Air Magic
 14249 | Lair:2   | Found a white marble altar of Elyvilon.
 14275 | Lair:2   | Noticed a six-headed hydra
 14278 | Lair:2   | Noticed a catoblepas
 14319 | Lair:2   | HP: 2/67 [catoblepas/blast of calcifying dust (5)]
 14320 | Lair:2   | Slain by a catoblepas

Illustrated notes

Levels and vault maps discovered:
D:1:      lemuel_arrival_river_ford, layout_rooms, basic_ecumenical_altar
D:2:      layout_loops_ring, st_stairs_5
D:3:      layout_basic, nicolae_overflow_squiral, nicolae_figureground_sparkle
D:4:      layout_loops_cross, nicolae_ru_awakened_eye,
          grunt_temple_overflow_open, minmay_misc_feat_square,
          hangedman_decor_slide_cut, amcnicky_mini_corridor_feature,
          nicolae_elevator_lobby_plus, uniq_sigmund
D:5:      layout_rooms, nicolae_vehumet_altar_sigil, uniq_eustachio
D:6:      layout_rooms, mainiacjoe_overflow_catwalk
D:7:      layout_basic, minmay_temple_entry_gardened_gates
D:8:      layout_basic
D:9:      layout_irregular_city, nemelex_diamond_rough_becter, lair_entry_dummy,
          hiddenorc1_lemuel, minivault_19, nicolae_elemental_shop
D:10:     nzn_winding_woodlands_large [nzn_winding_woodlands_5x5_open_star,
          nzn_winding_woodlands_5x15_pockets,
          nzn_winding_woodlands_5x5_checkerboard,
          nzn_winding_woodlands_center_triple_pond,
          nzn_winding_woodlands_15x15_killbox,
          nzn_winding_woodlands_center_garden, nzn_winding_woodlands_5x5_cross,
          nzn_winding_woodlands_5x15_pool,
          nzn_winding_woodlands_5x5_closed_star], layout_basic,
          nicolae_dithmenos_the_darkroom, chequers_arboretum
Temple:   minmay_temple_bridge_abc
Lair:1:   layout_cave_shapes, serial_bayou_lagoon_b, grunt_megastairs_2
Lair:2:   layout_hall_layers, basic_altar, nicolae_lair_lakeside_cave,
          lemuel_fruit_tree, uniq_erica, uniq_harold

Skill      XL: |  1  2  3  4  5  6  7  8  9 10 11 |
---------------+----------------------------------+-----
Stealth        | 3 4 5 6 8 |  8.1
Transmutations | 2 3 4 5 |  5.0
Spellcasting   | 3 4 6 8 10 | 10.3
Earth Magic    | 4 5 7 8 |  8.0
Short Blades   | 2 3 |  3.0
Conjurations   | 2 |  2.0
Dodging        | 4 |  4.0
Fighting       | 2 3 |  3.0
Air Magic      | 3 5 |  5.0
Invocations    | 2 4 |  4.3

Action                   |  1- 3 |  4- 6 |  7- 9 | 10-12 || total
-------------------------+-------+-------+-------+-------++-------
Melee: Unarmed           |     6 |       |       |       ||     6
       Constrict         |     7 |    21 |    20 |    12 ||    60
       Spear             |    20 |   108 |    17 |       ||   145
       Tentacles         |     5 |    15 |    28 |    32 ||    80
       Dagger            |       |       |    77 |    14 ||    91
       Short sword       |       |       |       |    82 ||    82
       Punch             |       |       |       |     5 ||     5
 Cast: Sandblast         |    11 |    32 |    63 |    80 ||   186
       Petrify           |       |       |    38 |    56 ||    94
       Stone Arrow       |       |       |    14 |    26 ||    40
Invok: Channel Magic     |       |       |       |     1 ||     1
Evoke: Wand              |       |       |       |    10 ||    10
  Use: Scroll            |       |       |     6 |     7 ||    13
       Potion            |       |       |       |     3 ||     3
 Stab: Sleeping          |     3 |    13 |     7 |     1 ||    24
       Distracted        |       |     1 |       |     1 ||     2
       Petrified         |       |       |    50 |    60 ||   110
       Petrifying        |       |       |     3 |     4 ||     7
Armor: Skin              |     1 |     8 |     4 |    36 ||    49
Dodge: Dodged            |    15 |    65 |    71 |    47 ||   198
